 Dungeon Crawl Stone Soup version 0.22.1-1-ga44c0e56f4 (webtiles) character file.

585 LLavrengius the Covered (level 7, -2/44 HPs)
             Began as a Gargoyle Fighter on Oct 26, 2018.
             Was a Believer of Makhleb.
             Killed by divine providence
             ... invoked by an orc priest
              (16 damage)
             ... on level 4 of the Dungeon.
             The game lasted 00:11:54 (3720 turns).

LLavrengius the Covered (Gargoyle Fighter)          Turns: 3720, Time: 00:11:56

Health: -2/44      AC: 18    Str: 21    XL:     7   Next: 37%
Magic:  9/9        EV:  5    Int:  9    God:    Makhleb [**....]
Gold:   187        SH:  9    Dex:  9    Spells: 6/6 levels left

rFire    . . .     SeeInvis .   a - +0 war axe
rCold    + . .     Gourm    .   c - +0 shield
rNeg     + . .     Faith    .   y - +1 chain mail {rC+}
rPois    ∞         Spirit   .   t - +0 helmet
rElec    +         Reflect  .   n - scarf {cloud immunity}
rCorr    .         Harm     .   (no gloves)
MR       .....                  q - +0 pair of boots (curse)
Stlth    ..........             (no amulet)
HPRegen  0.14/turn              (no ring)
MPRegen  0.11/turn              (no ring)

@: starving
A: negative energy resistance 1, electricity resistance, unbreathing,
petrification resistance, rot immunity, AC +4
a: Minor Destruction, Renounce Religion


You were on level 4 of the Dungeon.
You worshipped Makhleb.
Makhleb was pleased with you.
You were starving.

You visited 1 branch of the dungeon, and saw 4 of its levels.
You also visited: Ossuary.

You collected 187 gold pieces.

Inventory:

Hand Weapons
 a - a +0 war axe (weapon)
 v - a +0 blowgun
Missiles
 w - 17 poisoned needles
 x - 4 needles of sleeping
Armour
 c - a +0 shield (worn)
 l - a +0 large shield
 n - a scarf of cloud immunity (worn)
 q - a cursed +0 pair of boots (worn)
 t - a +0 helmet (worn)
 y - a +1 chain mail of cold resistance (worn)
Scrolls
 h - a scroll of identify
 o - 2 scrolls of remove curse
 u - 2 scrolls of teleportation
 z - a scroll of brand weapon {unknown}
 A - a scroll of noise {unknown}
 B - 2 scrolls of enchant weapon {unknown}
Potions
 b - 3 potions of agility
 d - 2 potions of might
 e - 2 potions of ambrosia
 g - a potion of haste {unknown}
 i - a potion of degeneration {unknown}
 j - a potion of mutation {unknown}
 k - 6 potions of curing
 m - 2 potions of lignification
 p - 2 potions of heal wounds
 r - a potion of invisibility {unknown}
 s - 3 potions of brilliance
Comestibles
 f - 3 rations


   Skills:
 + Level 5.1 Fighting
 * Level 4.8 Axes
 + Level 5.1 Armour
 - Level 3.2 Shields
 + Level 2.8 Invocations


You had 6 spell levels left.
You didn't know any spells.
Your spell library was empty.

Dungeon Overview and Level Annotations

Branches:
Dungeon (4/15)
 Temple: D:4-7

Altars:
Fedhas
Makhleb
Nemelex Xobeh
Zin


Innate Abilities, Weirdness & Mutations

You are resistant to torment.
Your stone body is resilient. (AC +4)
You are immune to poison.
You resist negative energy. (rN+)
You are resistant to electric shocks. (rElec)
You can survive without breathing.
You are immune to petrification.
You are immune to rotting.


Message History

Your shield and chain mail prevent you from hitting the orc.
You miss something. You hit the adder. The adder bites you but does no damage.
You block something's attack. You block the adder's attack.
The orc priest hits you but does no damage.
Unknown command.
You closely miss the orc priest.
The orc priest is severely wounded.
You closely miss the orc. You miss something. You hit the adder.
Something hits you but does no damage. The adder bites you but does no damage.
The orc hits you but does no damage.
The orc priest hits you but does no damage.
The adder bites you but does no damage. Something hits you but does no damage.
The orc barely misses you. The orc hits you but does no damage.
You closely miss the orc priest.
The orc priest is severely wounded.
You hit the adder but do no damage. You miss something. You hit the orc.
You hit the orc but do no damage. You block the adder's attack.
The orc priest mumbles some strange prayers to Beogh against you.
Beogh smites you!
You die...

.# #!........ ## #.###
..#...(# . .... ..#....#
#####.##########.#....##
......#.................
#####.#.########...##.##
###.#.# #........
###...#.# #oo..#.##
..#[..#.###### #@...# #
...[.........# #oS..#
.#####'#####.# #o......#
..##.....# #..#.####
...##.^.## ...#...
...^##.## #..#####
#....### #..# ##.#..#
.... #..#...#


You could see an orc priest, an adder and 3 orcs.

Vanquished Creatures
  Duvessa (D:4)
  A bullfrog (D:2)
  Dowan (D:4)
  Natasha (D:2)
  Terence (D:2)
  13 mummies
  Robin (D:3)
  4 adders
  An adder zombie (D:3)
  3 worms
  A dart slug (D:1)
  4 leopard geckos
  5 orcs
  3 bats
  3 giant cockroaches
  7 goblins
  13 hobgoblins
  4 jackals (D:3)
  2 quokkas
  2 frilled lizards
  2 gnoll skeletons (Ossuary)
  A goblin skeleton (Ossuary)
  2 jackal skeletons (D:3)
  4 kobolds
  2 kobold skeletons (Ossuary)
  A leopard gecko zombie (D:3)
  3 orc skeletons (Ossuary)
  7 rats
  11 rat skeletons (Ossuary)
104 creatures vanquished.

Notes
Turn   | Place    | Note
-------+----------+-------------------------------------------
     0 | D:1      | LLavrengius the Gargoyle Fighter began the quest for the
                  | Orb.
     0 | D:1      | Reached XP level 1. HP: 14/14 MP: 1/1
   209 | D:1      | Reached XP level 2. HP: 19/19 MP: 2/2
   730 | D:2      | Noticed a bullfrog
   737 | D:2      | Killed a bullfrog
   737 | D:2      | Reached XP level 3. HP: 14/24 MP: 3/3
   737 | D:2      | Reached XP level 4. HP: 17/29 MP: 4/4
   968 | D:2      | Found a glowing silver altar of Zin.
   968 | D:2      | Found a burning altar of Makhleb.
   969 | D:2      | Noticed a balrug
   969 | D:2      | Noticed an angel
   972 | D:2      | Became a worshipper of Makhleb the Destroyer
  1231 | D:2      | Reached XP level 5. HP: 33/33 MP: 5/5
  1591 | D:2      | Noticed Terence
  1602 | D:2      | Killed Terence
  1654 | D:2      | Noticed Natasha
  1662 | D:2      | Killed Natasha
  1662 | D:2      | Reached skill level 1 in Invocations
  2227 | D:3      | Found a sparkling altar of Nemelex Xobeh.
  2234 | D:3      | Reached * piety under Makhleb
  2445 | D:3      | Found a faded altar of an unknown god.
  2483 | D:3      | Noticed Robin
  2496 | D:3      | Killed Robin
  2499 | D:3      | Reached XP level 6. HP: 35/39 MP: 7/7
  2679 | D:3      | Found a blossoming altar of Fedhas.
  2980 | D:4      | Noticed Duvessa
  2980 | D:4      | Noticed Dowan
  2992 | D:4      | Killed Duvessa
  2992 | D:4      | Killed Dowan
  3003 | D:4      | Found a sand-covered staircase.
  3045 | Ossuary  | Entered an ossuary
  3190 | Ossuary  | Reached XP level 7. HP: 23/44 MP: 8/8
  3373 | Ossuary  | Reached ** piety under Makhleb
  3493 | Ossuary  | Reached skill level 5 in Armour
  3518 | Ossuary  | Reached skill level 5 in Fighting
  3720 | D:4      | Killed from afar by an orc priest

Skill      XL: |  1  2  3  4  5  6  7 |
---------------+----------------------+-----
Axes           | 2 3 4 |  4.8
Fighting       | 4 5 |  5.1
Armour         | 4 5 |  5.1
Invocations    | 1 2 |  2.8
Shields        | |  3.2

Action                   |  1- 3 |  4- 6 |  7- 9 || total
-------------------------+-------+-------+-------++-------
Melee: War axe           |    39 |   268 |   127 ||   434
  Use: Scroll            |       |     5 |     5 ||    10
  Eat: Chunk             |       |     8 |       ||     8
Armor: Scale mail        |    17 |     1 |       ||    18
       Chain mail        |       |   164 |    64 ||   228
Dodge: Dodged            |     6 |    63 |    11 ||    80
Block: Shield            |    17 |   136 |    49 ||   202
